3AAA
ELLENBURG FIGHTING DACHSUNDS @ CALGARY LYNX
05/08/2042
 
TOP OF THE 1ST
Ellenburg Fighting Dachsunds batting - Pitching for Calgary Lynx : RHP Alain Arnaud
Pitching: RHP Alain Arnaud
Batting: LHB Javier Castro 0-0: Bunted foul
0-1: Foul Ball, location: 2F
0-2: Ball
1-2: Fly out, F8 (Line Drive, 8LD, EV 100.0 MPH)
Batting: RHB Jesse Garrett 0-0: Ball
1-0: Swinging Strike
1-1: Ball
2-1: Swinging Strike
2-2: Foul Ball, location: 2F
2-2: Ball
3-2: Strikes out swinging
Batting: LHB Wyatt Quick 0-0: Ball
1-0: Ball
2-0: Ball
3-0: Called Strike
3-1: Base on Balls
Batting: LHB Mike Johnstone 0-0: Called Strike
0-1: Ball
1-1: Ball
2-1: Foul Ball, location: 2F
2-2: Foul Ball, location: 2F
2-2: Ball
3-2: Base on Balls
Wyatt Quick to second
Batting: RHB Sze Qi 0-0: Swinging Strike
0-1: Fly out, F9 (Flyball, 9, EV 86.2 MPH)
Top of the 1st over - 0 runs, 0 hits, 0 errors, 2 left on base; Ellenburg 0 - Calgary 0
BOTTOM OF THE 1ST
Calgary Lynx batting - Pitching for Ellenburg Fighting Dachsunds : RHP Jessie Young
Pitching: RHP Jessie Young
Batting: LHB Javier Caceres 0-0: Ball
1-0: Fly out, F8 (Flyball, 8LS, EV 73.8 MPH)
Batting: RHB Rafael Carballar 0-0: Called Strike
0-1: Ground out 6-3 (Groundball, 56, EV 105.6 MPH)
Batting: LHB Henry Buckley 0-0: Ball
1-0: Ball
2-0: Fly out, F8 (Flyball, 78M, EV 85.6 MPH)
Bottom of the 1st over - 0 runs, 0 hits, 0 errors, 0 left on base; Ellenburg 0 - Calgary 0
TOP OF THE 2ND
Ellenburg Fighting Dachsunds batting - Pitching for Calgary Lynx : RHP Alain Arnaud
Batting: LHB Eric Manchester 0-0: Fly out, F7 (Flyball, 78D, EV 88.1 MPH)
Batting: LHB Tony Worley 0-0: Called Strike
0-1: Swinging Strike
0-2: Ball
1-2: Strikes out swinging
Batting: RHB Alexander Conley 0-0: Ball
1-0: Ground out 1-3 (Groundball, 13, EV 84.4 MPH)
Top of the 2nd over - 0 runs, 0 hits, 0 errors, 0 left on base; Ellenburg 0 - Calgary 0
BOTTOM OF THE 2ND
Calgary Lynx batting - Pitching for Ellenburg Fighting Dachsunds : RHP Jessie Young
Batting: RHB Roy Bagnall 0-0: Ball
1-0: Ball
2-0: Called Strike
2-1: Ball
3-1: Base on Balls
Batting: LHB Nate Hodges 0-0: Ball
1-0: Ball
2-0: Foul Ball, location: 2F
2-1: Foul Ball, location: 2F
2-2: Ball
3-2: Base on Balls
Roy Bagnall to second
Batting: RHB Eloi Hanai 0-0: Ball
Wild Pitch!
Roy Bagnall to third
Nate Hodges to second
1-0: Called Strike
1-1: Ball
2-1: Ball
3-1: SINGLE (Line Drive, 8LS, EV 95.0 MPH)
Roy Bagnall scores
Nate Hodges to third
Runner from 3rd tries for Home, SAFE, throw by CF to home
Batting: LHB Júlio Souza 0-0: Foul Ball, location: 2F
0-1: Ball
1-1: Ball
2-1: Foul Ball, location: 2F
2-2: Ball
3-2: SINGLE (Groundball, 6MD, EV 108.1 MPH)
Eloi Hanai to second
Eloi Hanai to third
Batting: SHB Jim Santos 0-0: Ball
1-0: Ball
2-0: Fly out, F8 (Flyball, 78S, EV 86.2 MPH)
Batting: RHB Tobias Valencia 0-0: Ball
Júlio Souza steals 2nd base
1-0: Ball
2-0: Foul Ball, location: 2F
2-1: Called Strike
2-2: Ground out 6-3 (Groundball, 6M, EV 83.8 MPH)
Eloi Hanai scores
Júlio Souza to third
Batting: LHB Javier Caceres 0-0: Called Strike
0-1: Swinging Strike
0-2: Ball
1-2: Foul Ball, location: 2F
1-2: Foul Ball, location: 2F
1-2: Ball
2-2: Strikes out swinging
Bottom of the 2nd over - 3 runs, 2 hits, 0 errors, 1 left on base; Ellenburg 0 - Calgary 3
TOP OF THE 3RD
Ellenburg Fighting Dachsunds batting - Pitching for Calgary Lynx : RHP Alain Arnaud
Batting: RHB Kent Potter 0-0: Called Strike
0-1: Swinging Strike
0-2: Ball
1-2: Foul Ball, location: 2F
1-2: Strikes out swinging
Batting: LHB Javier Castro 0-0: Called Strike
0-1: Ball
1-1: Foul Ball, location: 2F
1-2: Foul Ball, location: 2F
1-2: Fly out, F7 (Flyball, 78M, EV 87.5 MPH)
Batting: RHB Jesse Garrett 0-0: Called Strike
0-1: Ball
1-1: Ball
2-1: Swinging Strike
2-2: Ball
3-2: Foul Ball, location: 2F
3-2: SINGLE (Line Drive, 7S, EV 95.0 MPH)
Batting: LHB Wyatt Quick 0-0: Called Strike
0-1: Ball
1-1: Ball
2-1: SINGLE (Line Drive, 9S, EV 108.1 MPH)
Jesse Garrett to second
Batting: LHB Mike Johnstone 0-0: Foul Ball, location: 2F
0-1: Ground out U3 (Groundball, 3, EV 88.1 MPH)
Top of the 3rd over - 0 runs, 2 hits, 0 errors, 2 left on base; Ellenburg 0 - Calgary 3
BOTTOM OF THE 3RD
Calgary Lynx batting - Pitching for Ellenburg Fighting Dachsunds : RHP Jessie Young
Batting: RHB Rafael Carballar 0-0: Ball
1-0: Swinging Strike
1-1: Swinging Strike
1-2: Ball
2-2: Ball
3-2: Base on Balls
Batting: LHB Henry Buckley 0-0: Swinging Strike
0-1: Ball
1-1: Foul Ball, location: 2F
1-2: Ball
Rafael Carballar steals 2nd base (no throw)
2-2: Ground out 6-3 (Groundball, 56, EV 93.1 MPH)
Batting: RHB Roy Bagnall 0-0: Foul Ball, location: 2F
0-1: Ball
1-1: Foul Ball, location: 2F
1-2: Ball
2-2: Foul Ball, location: 2F
2-2: Ball
3-2: SINGLE (Groundball, 4M, EV 109.4 MPH) (infield hit)
Rafael Carballar to third
Batting: LHB Nate Hodges 0-0: Ball
Roy Bagnall is caught stealing 2nd base 2-6
1-0: Ball
2-0: Ball
3-0: Called Strike
3-1: Base on Balls
Batting: RHB Eloi Hanai 0-0: Called Strike
0-1: Swinging Strike
0-2: Ball
1-2: Strikes out looking
Bottom of the 3rd over - 0 runs, 1 hit, 0 errors, 2 left on base; Ellenburg 0 - Calgary 3
TOP OF THE 4TH
Ellenburg Fighting Dachsunds batting - Pitching for Calgary Lynx : RHP Alain Arnaud
Batting: RHB Sze Qi 0-0: Swinging Strike
0-1: Ball
1-1: Foul Ball, location: 2F
1-2: Foul Ball, location: 2F
1-2: Fly out, F7 (Flyball, 78M, EV 80.0 MPH)
Batting: LHB Eric Manchester 0-0: Called Strike
0-1: SINGLE (Groundball, 34D, EV 105.6 MPH)
Batting: LHB Tony Worley 0-0: Ball
1-0: Ball
2-0: Ball
3-0: Called Strike
3-1: SINGLE (Groundball, 5S, EV 68.1 MPH) (infield hit)
Eric Manchester to second
Batting: RHB Alexander Conley 0-0: Called Strike
Eric Manchester steals 3rd base
0-1: Ball
1-1: Ball
2-1: Ground out 5-3 (Groundball, 56S, EV 62.5 MPH)
Tony Worley to second
Batting: RHB Kent Potter 0-0: Ball
1-0: Foul Ball, location: 2F
1-1: Swinging Strike
1-2: Strikes out looking
Top of the 4th over - 0 runs, 2 hits, 0 errors, 2 left on base; Ellenburg 0 - Calgary 3
BOTTOM OF THE 4TH
Calgary Lynx batting - Pitching for Ellenburg Fighting Dachsunds : RHP Jessie Young
Batting: LHB Júlio Souza 0-0: Ball
1-0: Ball
2-0: Called Strike
2-1: Called Strike
2-2: Ball
3-2: Base on Balls
Pitching: RHP Larry Henderson
Batting: SHB Jim Santos 0-0: Ball
1-0: Foul Ball, location: 2F
1-1: Ball
2-1: Ball
3-1: Called Strike
3-2: Base on Balls
Júlio Souza to second
Batting: RHB Tobias Valencia 0-0: Hit by Pitch
Júlio Souza to third
Jim Santos to second
Batting: LHB Javier Caceres 0-0: Called Strike
0-1: SINGLE (Flyball, 89S, EV 89.4 MPH)
Júlio Souza scores
Jim Santos to third
Tobias Valencia to second
Batting: RHB Rafael Carballar 0-0: Ball
1-0: Grounds into fielders choice 1-2 (Groundball, 13, EV 85.0 MPH)
Tobias Valencia to third
Javier Caceres to second
Batting: LHB Henry Buckley 0-0: Ball
1-0: Ball
2-0: Ball
3-0: Called Strike
3-1: Base on Balls
Tobias Valencia scores
Javier Caceres to third
Rafael Carballar to second
Batting: RHB Roy Bagnall 0-0: Fly out, F8 (Line Drive, 8RM, EV 93.8 MPH)
Runner from 3rd tags up, SCORES, no throw by CF
Batting: LHB Nate Hodges 0-0: Ball
1-0: Ball
2-0: Ball
3-0: Base on Balls
Rafael Carballar to third
Henry Buckley to second
Batting: RHB Eloi Hanai 0-0: Fielders Choice at 2nd, 6-4 (Groundball, 6, EV 80.6 MPH)
Bottom of the 4th over - 3 runs, 1 hit, 0 errors, 3 left on base; Ellenburg 0 - Calgary 6
TOP OF THE 5TH
Ellenburg Fighting Dachsunds batting - Pitching for Calgary Lynx : RHP Alain Arnaud
Batting: LHB Javier Castro 0-0: Foul Ball, location: 2F
0-1: Ball
1-1: Ball
2-1: Foul Ball, location: 2F
2-2: Foul Ball, location: 2F
2-2: SINGLE (Line Drive, 7S, EV 99.4 MPH)
Batting: RHB Jesse Garrett 0-0: Ball
1-0: Ball
2-0: Ball
3-0: Called Strike
3-1: Fly out, F8 (Flyball, 8LM, EV 80.0 MPH)
Batting: LHB Wyatt Quick 0-0: Ball
Wild Pitch!
Javier Castro to second
1-0: Foul Ball, location: 2F
1-1: Ball
2-1: Foul Ball, location: 2F
2-2: SINGLE (Flyball, 6MD, EV 92.5 MPH)
Javier Castro to third
Batting: LHB Mike Johnstone 0-0: Ball
1-0: Swinging Strike
1-1: Ground out 6-3 (Groundball, 6MD, EV 81.2 MPH)
Javier Castro scores
Wyatt Quick to second
Batting: RHB Sze Qi 0-0: Called Strike
0-1: Ball
1-1: DOUBLE (Line Drive, 5D, EV 96.2 MPH)
Wyatt Quick scores
Pitching: LHP Will Kirby
Batting: LHB Eric Manchester 0-0: Ball
1-0: SINGLE (Groundball, 4D, EV 95.0 MPH)
Sze Qi to third
Runner from 3rd tries for Home, SAFE, no throw by CF
Batting: LHB Tony Worley 0-0: Called Strike
0-1: Swinging Strike
0-2: Ball
Eric Manchester is caught stealing 2nd base 2-6
Top of the 5th over - 3 runs, 4 hits, 0 errors, 0 left on base; Ellenburg 3 - Calgary 6
BOTTOM OF THE 5TH
Calgary Lynx batting - Pitching for Ellenburg Fighting Dachsunds : RHP Larry Henderson
Batting: LHB Júlio Souza 0-0: Called Strike
0-1: Called Strike
0-2: Strikes out looking
Batting: SHB Jim Santos 0-0: Ball
1-0: Ball
2-0: Ground out 4-3 (Groundball, 4, EV 110.6 MPH)
Batting: RHB Tobias Valencia 0-0: Called Strike
0-1: Ball
1-1: Ball
2-1: Foul Ball, location: 2F
2-2: Foul Ball, location: 2F
2-2: Ground out 5-3 (Groundball, 5S, EV 81.9 MPH)
Bottom of the 5th over - 0 runs, 0 hits, 0 errors, 0 left on base; Ellenburg 3 - Calgary 6
TOP OF THE 6TH
Ellenburg Fighting Dachsunds batting - Pitching for Calgary Lynx : LHP Will Kirby
Batting: LHB Tony Worley 0-0: Ball
1-0: Foul Ball, location: 2F
1-1: Ball
2-1: Ball
3-1: Foul Ball, location: 2F
3-2: Foul Ball, location: 2F
3-2: Base on Balls
Batting: RHB Alexander Conley 0-0: SINGLE (Groundball, 4MD, EV 100.6 MPH)
Tony Worley to second
Runner from 2nd tries for 3rd, SAFE, throw by CF made to third
Batting: RHB Kent Potter 0-0: Fly out, F9 (Flyball, 9LS, EV 90.0 MPH)
Batting: LHB Javier Castro 0-0: Ball
Alexander Conley steals 2nd base
1-0: Foul Ball, location: 2F
1-1: Ball
2-1: Foul Ball, location: 2F
2-2: Ball
3-2: Foul Ball, location: 2F
3-2: Foul Ball, location: 2F
3-2: Strikes out swinging
Batting: RHB Jesse Garrett 0-0: Ball
1-0: Ground out 6-3 (Groundball, 56, EV 105.6 MPH)
Top of the 6th over - 0 runs, 1 hit, 0 errors, 2 left on base; Ellenburg 3 - Calgary 6
BOTTOM OF THE 6TH
Calgary Lynx batting - Pitching for Ellenburg Fighting Dachsunds : RHP Larry Henderson
Batting: LHB Javier Caceres 0-0: Ball
1-0: Foul Ball, location: 2F
1-1: Swinging Strike
1-2: Ball
2-2: Ball
3-2: Foul Ball, location: 2F
3-2: Strikes out looking
Batting: RHB Rafael Carballar 0-0: Ball
1-0: Called Strike
1-1: SINGLE (Groundball, 6M, EV 100.0 MPH) (infield hit)
Batting: LHB Henry Buckley 0-0: Called Strike
0-1: Ball
1-1: Ball
2-1: Swinging Strike
2-2: Foul Ball, location: 2F
2-2: Ball
3-2: Base on Balls
Rafael Carballar to second
Batting: RHB Roy Bagnall 0-0: Fly out, F4 (Popup, 13, EV 75.0 MPH)
Batting: LHB Nate Hodges 0-0: Ball
1-0: Called Strike
1-1: Called Strike
1-2: Ball
2-2: Ball
3-2: Foul Ball, location: 2F
3-2: Base on Balls
Rafael Carballar to third
Henry Buckley to second
Batting: RHB Eloi Hanai 0-0: Ground out 1-3 (Groundball, 13S, EV 62.5 MPH)
Bottom of the 6th over - 0 runs, 1 hit, 0 errors, 3 left on base; Ellenburg 3 - Calgary 6
TOP OF THE 7TH
Ellenburg Fighting Dachsunds batting - Pitching for Calgary Lynx : LHP Will Kirby
Now at 2B: Abraham In de Boomgaert
Now at 3B: Igme Samson
Batting: LHB Wyatt Quick 0-0: Foul Ball, location: 2F
0-1: Foul Ball, location: 2F
0-2: Ball
1-2: Strikes out looking
Batting: LHB Mike Johnstone 0-0: Ground out 4-3 (Groundball, 4, EV 80.0 MPH)
Batting: RHB Sze Qi 0-0: Ball
1-0: Called Strike
1-1: Ball
2-1: Called Strike
2-2: Strikes out swinging
Top of the 7th over - 0 runs, 0 hits, 0 errors, 0 left on base; Ellenburg 3 - Calgary 6
BOTTOM OF THE 7TH
Calgary Lynx batting - Pitching for Ellenburg Fighting Dachsunds : RHP Larry Henderson
Batting: LHB Júlio Souza 0-0: Ball
1-0: Ball
2-0: Ball
3-0: Base on Balls
Pitching: RHP Jude Cordingley
Batting: SHB Jim Santos 0-0: Ball
1-0: SINGLE (Line Drive, 78M, EV 105.6 MPH)
Júlio Souza to second
Batting: RHB Tobias Valencia 0-0: DOUBLE (Flyball, 78D, EV 103.8 MPH)
Júlio Souza scores
Jim Santos to third
Batting: LHB Javier Caceres 0-0: Intentional Walk
Batting: RHB Igme Samson 0-0: Called Strike
0-1: Ball
1-1: Ball
2-1: Ball
3-1: Base on Balls
Jim Santos scores
Tobias Valencia to third
Javier Caceres to second
Batting: LHB Henry Buckley 0-0: Called Strike
0-1: Ball
1-1: Fly out, F7 (Flyball, 7D, EV 98.8 MPH)
Runner from 3rd tags up, SCORES, no throw by LF
Javier Caceres to third
Batting: SHB Abraham In de Boomgaert 0-0: Grounds into double play, 5-4-3 (Groundball, 56, EV 86.2 MPH)
Bottom of the 7th over - 3 runs, 2 hits, 0 errors, 1 left on base; Ellenburg 3 - Calgary 9
TOP OF THE 8TH
Ellenburg Fighting Dachsunds batting - Pitching for Calgary Lynx : LHP Will Kirby
Batting: LHB Eric Manchester 0-0: Ball
1-0: Ball
2-0: Foul Ball, location: 2F
2-1: Ball
3-1: Base on Balls
Pitching: LHP Ángel Flores
Batting: LHB Tony Worley 0-0: Called Strike
0-1: Called Strike
0-2: Ball
1-2: Strikes out swinging
Batting: RHB Alexander Conley 0-0: Ball
1-0: Ball
2-0: Ball
3-0: Called Strike
3-1: Called Strike
3-2: Foul Ball, location: 2F
3-2: Strikes out swinging
Batting: RHB Kent Potter 0-0: Fly out, F4 (Line Drive, 4, EV 70.6 MPH)
Top of the 8th over - 0 runs, 0 hits, 0 errors, 1 left on base; Ellenburg 3 - Calgary 9
BOTTOM OF THE 8TH
Calgary Lynx batting - Pitching for Ellenburg Fighting Dachsunds : RHP Jude Cordingley
Batting: LHB Nate Hodges 0-0: Called Strike
0-1: Ball
1-1: Foul Ball, location: 2F
1-2: Ball
2-2: DOUBLE (Line Drive, 78D, EV 104.4 MPH)
Batting: RHB Eloi Hanai 0-0: Ball
1-0: Ball
2-0: Fly out, F7 (Flyball, 7LMF, EV 105.0 MPH)
Runner from 2nd tags up, SAFE at 3rd with throw by LF
Batting: LHB Júlio Souza 0-0: Foul Ball, location: 2F
0-1: SINGLE (Line Drive, 78S, EV 109.4 MPH)
Nate Hodges scores
Batting: SHB Jim Santos 0-0: Ball
1-0: Called Strike
1-1: Ball
2-1: Called Strike
2-2: Ball
3-2: Foul Ball, location: 2F
3-2: Foul Ball, location: 2F
3-2: SINGLE (Groundball, 34D, EV 108.8 MPH)
Júlio Souza to second
Batting: RHB Tobias Valencia 0-0: Ball
1-0: Fly out, F9 (Line Drive, 9, EV 108.8 MPH)
Batting: LHB Javier Caceres 0-0: Ball
1-0: Called Strike
1-1: Foul Ball, location: 2F
1-2: Ball
2-2: Foul Ball, location: 2F
2-2: Strikes out looking
Bottom of the 8th over - 1 run, 3 hits, 0 errors, 2 left on base; Ellenburg 3 - Calgary 10
TOP OF THE 9TH
Ellenburg Fighting Dachsunds batting - Pitching for Calgary Lynx : LHP Ángel Flores
Pinch Hitting: RHB Dean Bush 0-0: Called Strike
0-1: Ball
1-1: DOUBLE (Line Drive, 78XD, EV 99.4 MPH)
Pinch Hitting: RHB Zhen-bang Kwan 0-0: Fly out, F7 (Flyball, 78D, EV 93.1 MPH)
Pinch Hitting: LHB Larry Moore 0-0: Called Strike
0-1: Ball
1-1: Foul Ball, location: 2F
1-2: Strikes out swinging
Pinch Hitting: LHB Bill O'Halloran 0-0: Called Strike
0-1: Ball
1-1: Swinging Strike
1-2: Strikes out swinging
Top of the 9th over - 0 runs, 1 hit, 0 errors, 1 left on base; Ellenburg 3 - Calgary 10
Friday, March 26th, 2021 - OOTP Baseball 20.8 Build 74